 Dungeon Crawl Stone Soup version 0.28-a0-973-ga7f8b01127 (webtiles) character file.

Game seed: 10861388839636292837

2905 tnargy the Cleaver (level 9, -4/81 HPs)
             Began as a Hill Orc Fighter on Dec 1, 2021.
             Slain by a two-headed ogre (14 damage)
             ... on level 8 of the Dungeon.
             The game lasted 00:21:17 (9599 turns).

tnargy the Cleaver (Hill Orc Fighter)               Turns: 9599, Time: 00:21:17

Health: -4/81      AC: 13    Str: 23      XL:     9   Next: 78%
Magic:  9/9        EV:  5    Int:  7 (8)  God:
Gold:   347        SH: 14    Dex:  8 (10) Spells: 8/8 levels left

rFire   + + .      SeeInvis .   a - +0 war axe
rCold   . . .      Faith    +   w - +5 kite shield "Giatar" {rF++}
rNeg    . . .      Spirit   .   s - +0 plate armour
rPois   .          Reflect  .   (no helmet)
rElec   .          Harm     .   (no cloak)
rCorr   .          Rampage  .   (no gloves)
Will    .....                   (no boots)
Stlth   ..........              p - amulet of faith
HPRegen 0.23/turn               d - ring of wizardry
MPRegen 0.11/turn               (no ring)

@: no status effects
A: no striking features
a: no special abilities


You were on level 8 of the Dungeon.
You visited 1 branch of the dungeon, and saw 8 of its levels.

You collected 347 gold pieces.

Inventory:

Hand Weapons
 a - a +0 war axe (weapon)
 b - a +0 hunting sling
Missiles
 g - 49 sling bullets
 y - 3 throwing nets (quivered)
Armour
 s - a +0 plate armour (worn)
 w - the +5 kite shield "Giatar" (worn) {rF++}
   (You found it on level 4 of the Dungeon)

   rF:        It greatly protects you from fire.
Jewellery
 d - a ring of wizardry (left hand)
 p - an amulet of faith (around neck)
 z - an amulet of regeneration
Wands
 c - a wand of acid (9)
 h - a wand of digging (5)
 v - a wand of paralysis (8)
 C - a wand of flame (32)
Scrolls
 e - 3 scrolls of noise {unknown}
 f - 2 scrolls of fog {unknown}
 j - 2 scrolls of fear {unknown}
 k - 6 scrolls of identify {unknown}
 m - a scroll of vulnerability {unknown}
 q - a scroll of amnesia {unknown}
 t - a scroll of enchant armour {unknown}
 u - a scroll of acquirement {unknown}
 x - 3 scrolls of teleportation {unknown}
 B - a scroll of enchant weapon {unknown}
Potions
 i - a potion of cancellation
 l - a potion of resistance {unknown}
 n - a potion of degeneration
 o - a potion of attraction {unknown}
 r - 2 potions of heal wounds


   Skills:
 + Level 8.0 Fighting
 * Level 11.2 Axes
 + Level 7.2 Armour
 + Level 7.2 Shields


You had 8 spell levels left.
You didn't know any spells.
Your spell library contained the following spells:

 Spells                   Type           Power      Damage    Failure   Level
 Animate Skeleton         Necr           0%         N/A       99%         1
 Pain                     Necr           0%         1d4       99%         1
 Corpse Rot               Necr/Air       0%         N/A       100%        2
 Ensorcelled Hibernation  Hex/Ice        0%         N/A       100%        2
 Frozen Ramparts          Ice            0%         1d2       100%        3
 Tukima's Dance           Hex            0%         N/A       100%        3
 Vampiric Draining        Necr           0%         2d6       100%        3
 Dispel Undead            Necr           0%         3d6       100%        4
 Ice Form                 Ice/Tmut       0%         N/A       100%        4
 Summon Ice Beast         Ice/Summ       0%         N/A       100%        4
 Death Channel            Necr           0%         N/A       100%        6


Dungeon Overview and Level Annotations

Branches:
Dungeon (8/15)             Temple (0/1) D:6
   Lair: D:8-11

Altars:
Ashenzari
Kikubaaqudgha
Ru

Annotations:
D:4 3 runed translucent doors, AttackTheMoon's ghost, amateur OgWz


Message History

A two-headed ogre comes into view.
It is wielding a +0 giant spiked club and a +0 giant club.
There is an open door here.
As you close the door, it creaks loudly!
You start waiting.
A two-headed ogre opens the door.
It is wielding a +0 giant spiked club and a +0 giant club.
The two-headed ogre hits you with a +0 giant spiked club!
The two-headed ogre barely misses you.
There is a broken door here.
You barely miss the two-headed ogre.
The two-headed ogre hits you with a +0 giant spiked club!
The two-headed ogre hits you but does no damage.
You hit the two-headed ogre.
The two-headed ogre is lightly wounded.
You block the two-headed ogre's attack.
The two-headed ogre hits you but does no damage.
You completely miss the two-headed ogre.
The two-headed ogre is lightly wounded.
You block the two-headed ogre's attack. The two-headed ogre barely misses you.
You hit the two-headed ogre.
The two-headed ogre is lightly wounded.
You hit the two-headed ogre.
The two-headed ogre is moderately wounded.
The two-headed ogre hits you with a +0 giant spiked club!
You block the two-headed ogre's attack.
You slash the two-headed ogre!
The two-headed ogre is moderately wounded.
The two-headed ogre hits you with a +0 giant spiked club!!
* * * LOW HITPOINT WARNING * * *
The two-headed ogre hits you with a +0 giant club!
* * * LOW HITPOINT WARNING * * *
Cleave: a) +0 war axe
Press: ? - help, Dir - move target, f - two-headed ogre
Aim: a two-headed ogre, wielding a +0 giant spiked club and a +0 giant club (moderately wounded, about 23% to evade your +0 war axe)
Okay, then.
Aiming: Paralyse
Press: ? - help, Shift-Dir - straight line, f - two-headed ogre
Aim: a two-headed ogre, wielding a +0 giant spiked club and a +0 giant club (moderately wounded, chance to affect: 28%)
The two-headed ogre easily resists.
The two-headed ogre hits you with a +0 giant spiked club!
You die...

##K## ##.#.#####.####. #.#
#..........##... #5#
#...######.##.#. ##.## ######..#
#.#.... #### #..5## #≈≈≈≈#O.#
##...... ...# #..K.# #≈≈.≈#..#
#.......
...####.#..###≈.≈≈#..#####.####..
...##...#....#≈≈.≈#......(.####..
...##.#####..###@##..[........#..
...##...#......).O.........##.#..
...####.#.########...#####.##.#..
...####...# ###...### #.......
##.......## #.......# ####.#.#
#######.## #.#...#.# #.#.#
......#.# ###.#...#.# #.#..
.####.#.######.......#.# #.#.#
...##.#........#.#####.### #....


You could see a two-headed ogre.

Vanquished Creatures
  Pikel (D:8)
  Maggie (D:6)
  Prince Ribbit (D:7)
  A wraith (D:7)
  A steam dragon (D:7)
  A wyvern (D:7)
  2 water moccasins
  An ice beast (D:7)
  2 black bears
  An ogre (D:6)
  A necrophage (D:7)
  A centaur (D:5)
  Blork the orc (D:5)
  A wyvern zombie (D:8)
  A water moccasin skeleton (D:3)
  5 killer bees (D:8)
  A centaur zombie (D:5)
  A hound (D:7)
  Crazy Yiuf (D:7)
  2 bullfrog skeletons
  An iguana (D:5)
  2 orc wizards
  A hound zombie (D:5)
  3 gnolls
  6 adders
  2 white imps
  An adder zombie (D:3)
  2 adder skeletons (D:4)
  A worm (D:2)
  A dart slug (D:4)
  8 orcs
  4 ball pythons
  9 endoplasms
  2 giant cockroaches
  10 goblins
  4 hobgoblins
  5 jackals
  2 kobolds (D:1)
  3 quokkas
  5 bats
  4 frilled lizards
  3 rats
106 creatures vanquished.

Vanquished Creatures (others)
  4 withered plants (D:1)
4 creatures vanquished.

Grand Total: 110 creatures vanquished

Notes
Turn   | Place    | Note
-------+----------+-------------------------------------------
     0 | D:1      | tnargy the Hill Orc Fighter began the quest for the Orb.
     0 | D:1      | Reached XP level 1. HP: 19/19 MP: 1/1
   211 | D:1      | Reached skill level 3 in Axes
   214 | D:1      | Reached XP level 2. HP: 23/27 MP: 2/2
   527 | D:1      | Found a faded altar of an unknown god.
   916 | D:1      | Reached XP level 3. HP: 33/33 MP: 3/3
  1275 | D:2      | Reached skill level 4 in Axes
  1285 | D:2      | Reached XP level 4. HP: 6/40 MP: 4/4
  1860 | D:2      | Found a broken altar of Ashenzari.
  2872 | D:3      | Reached skill level 5 in Axes
  2872 | D:3      | Reached XP level 5. HP: 40/47 MP: 5/5
  3723 | D:4      | Found a runed translucent gate.
  3723 | D:4      | Found a runed translucent gate.
  3723 | D:4      | Found a runed translucent gate.
  3759 | D:4      | Noticed an ice beast
  3808 | D:4      | Identified the +5 kite shield "Giatar" {rF++}
  3965 | D:4      | Noticed AttackTheMoon's ghost (amateur OgWz)
  4189 | D:5      | Entered Level 5 of the Dungeon
  4189 | D:5      | Noticed a water moccasin
  4210 | D:5      | Killed a water moccasin
  4211 | D:5      | Reached XP level 6. HP: 8/55 MP: 6/6
  4577 | D:5      | Reached skill level 5 in Fighting
  4992 | D:5      | Noticed Blork the orc
  5005 | D:5      | Killed Blork the orc
  5006 | D:5      | Reached skill level 6 in Axes
  5357 | D:5      | Reached XP level 7. HP: 61/61 MP: 7/7
  6108 | D:6      | Reached skill level 5 in Armour
  6182 | D:6      | Reached skill level 7 in Axes
  6182 | D:6      | Reached skill level 5 in Shields
  6317 | D:6      | Found a staircase to the Ecumenical Temple.
  6406 | D:6      | Noticed Maggie
  6442 | D:6      | Killed Maggie
  6443 | D:6      | Reached skill level 8 in Axes
  6443 | D:6      | Reached XP level 8. HP: 43/70 MP: 8/8
  7432 | D:7      | Noticed a wraith
  7451 | D:7      | Killed a wraith
  7832 | D:7      | Found a runed translucent door.
  7833 | D:7      | Noticed Crazy Yiuf
  7876 | D:7      | Noticed a wyvern
  7931 | D:7      | Reached skill level 9 in Axes
  7931 | D:7      | Noticed Prince Ribbit
  7980 | D:7      | Killed Prince Ribbit
  8232 | D:7      | Found an ancient bone altar of Kikubaaqudgha.
  8232 | D:7      | Found a sacrificial altar of Ru.
  8334 | D:7      | Reached XP level 9. HP: 79/79 MP: 9/9
  8453 | D:7      | Reached skill level 10 in Axes
  8843 | D:7      | Killed Crazy Yiuf
  9508 | D:8      | Noticed Pikel
  9547 | D:8      | Killed Pikel
  9548 | D:8      | Reached skill level 11 in Axes
  9576 | D:8      | Noticed a two-headed ogre
  9599 | D:8      | Slain by a two-headed ogre

Illustrated notes

Levels and vault maps discovered:
D:1:      shiori_shiawase, layout_loops_corners,
          ebering_ecumenical_altar_petrified
D:2:      minmay_skewed_foursquare, layout_basic, basic_altar,
          patterned_corridor
D:3:      layout_loops_ring
D:4:      layout_basic, gammafunk_ghost_icy
D:5:      layout_gridville, uniq_blork_the_orc
D:6:      nicolae_cairo_tiling, layout_basic, minmay_temple_entry_offerings,
          sigmund_army, uniq_maggie
D:7:      layout_basic, gammafunk_temple_overflow_elements,
          kennysheep_big_empty_room, uniq_crazy_yiuf_cottage,
          uniq_prince_ribbit1
D:8:      layout_loops_cross, kennysheep_generic_room_14, uniq_pikel

Skill      XL: |  1  2  3  4  5  6  7  8  9 |
---------------+----------------------------+-----
Axes           | 3 4 5 6 8 9 11 | 11.2
Fighting       | 4 5 6 7 8 |  8.0
Armour         | 4 5 6 7 |  7.2
Shields        | 4 5 6 7 |  7.2

Action                   |  1- 3 |  4- 6 |  7- 9 || total
-------------------------+-------+-------+-------++-------
Melee: War axe           |    93 |   148 |   250 ||   491
 Fire: Hunting sling     |       |       |     6 ||     6
Evoke: Wand              |       |       |     3 ||     3
  Use: Potion            |     2 |     3 |     4 ||     9
 Stab: Paralysed         |       |       |    16 ||    16
       Invisible         |       |       |     1 ||     1
Armor: Scale mail        |    52 |    30 |       ||    82
       Plate armour      |       |    56 |   124 ||   180
Dodge: Dodged            |    38 |    39 |    34 ||   111
Block: Buckler           |    23 |    22 |       ||    45
       Kite shield       |       |    39 |   163 ||   202

Table legend: (Time is in decaauts)
 A = Elapsed time spent in this place.
 B = Non-inter-level travel time spent in this place.
 C = Inter-level travel time spent in this place.
 D = Time resting spent in this place.
 E = Time spent auto-exploring this place.
 F = Levels seen in this place.
 G = Mean time per level.
                   A        B        C        D        E       F      G
               +--------+--------+--------+--------+--------+-----+--------+
         Total |   9774 |   9347 |    427 |   2385 |   5464 |   8 | 1221.8 |
       Dungeon |   9774 |   9347 |    427 |   2385 |   5464 |   8 | 1221.8 |
               +--------+--------+--------+--------+--------+-----+--------+

Top non-repeatable levels by time:
     D:5: 1819 daAuts
     D:7: 1510 daAuts
     D:2: 1505 daAuts
     D:6: 1345 daAuts
     D:1: 1132 daAuts
     D:4: 955 daAuts
     D:3: 761 daAuts
     D:8: 745 daAuts
